 Dungeon Crawl Stone Soup version 0.28-a0-863-g8cecda6153 (webtiles) character file.

Game seed: 8641602171832185714

653 bande the Chopper (level 7, -7/44 HPs)
             Began as a Gargoyle Fighter on Nov 18, 2021.
             Mangled by an acid dragon (9 damage)
             ... on level 5 of the Dungeon.
             The game lasted 00:07:56 (5284 turns).

bande the Chopper (Gargoyle Fighter)                Turns: 5284, Time: 00:07:57

Health: -7/44      AC: 13    Str: 20    XL:     7   Next: 54%
Magic:  7/7        EV:  7    Int:  9    God:
Gold:   181        SH:  4    Dex: 10    Spells: 6/6 levels left

rFire   . . .      SeeInvis .   a - +0 war axe
rCold   . . .      Faith    .   c - +0 buckler
rNeg    + . .      Spirit   .   j - +0 chain mail
rPois   ∞          Reflect  .   (no helmet)
rElec   +          Harm     .   g - +2 cloak
rCorr   .          Rampage  .   (no gloves)
Will    .....                   (no boots)
Stlth   ..........              (no amulet)
HPRegen 0.14/turn               (no ring)
MPRegen 0.10/turn               (no ring)

@: corroded
A: sickness immunity, AC +4, negative energy resistance 1, electricity
resistance, torment resistance 1, petrification resistance
a: no special abilities


You were on level 5 of the Dungeon.
You visited 1 branch of the dungeon, and saw 5 of its levels.

You collected 192 gold pieces.
You spent 11 gold pieces at shops.

Inventory:

Hand Weapons
 a - a +0 war axe (weapon)
 k - a +0 flail
 l - a +0 morningstar
Armour
 c - a +0 buckler (worn)
 g - a +2 cloak (worn)
 j - a +0 chain mail (worn)
Wands
 e - a wand of iceblast (10)
Scrolls
 h - 4 scrolls of teleportation
Potions
 b - 2 potions of haste
 d - a potion of cancellation
 f - 2 potions of mutation {unknown}
 i - a potion of curing
 m - a potion of ambrosia


   Skills:
 + Level 4.9 Fighting
 + Level 5.4 Axes
 + Level 5.0 Armour
 - Level 0.2 Stealth
 + Level 4.0 Shields
 * Level 1.1 Evocations


You had 6 spell levels left.
You didn't know any spells.
Your spell library contained the following spells:

 Spells                   Type           Power      Damage    Failure   Level
 Magic Dart               Conj           0%         1d3       98%         1
 Sandblast                Erth           0%         2d4       98%         1
 Passwall                 Tmut/Erth      0%         N/A       99%         2
 Searing Ray              Conj           0%         2d4       99%         2
 Call Canine Familiar     Summ           0%         N/A       100%        3
 Portal Projectile        Hex/Tloc       0%         N/A       100%        3
 Stone Arrow              Conj/Erth      0%         3d7       100%        3
 Fulminant Prism          Conj/Hex       0%         3d6       100%        4
 Leda's Liquefaction      Hex/Erth       0%         N/A       100%        4
 Passage of Golubria      Tloc           0%         N/A       100%        4
 Silence                  Hex/Air        0%         N/A       100%        5
 Summon Forest            Summ/Tloc      0%         N/A       100%        5
 Eringya's Noxious Bog    Tmut/Pois      0%         N/A       100%        6
 Summon Hydra             Summ           0%         N/A       100%        7
 Lehudib's Crystal Spear  Conj/Erth      0%         10d2      100%        8


Dungeon Overview and Level Annotations

Branches:
Dungeon (5/15)
 Temple: D:4-7

Altars:
Wu Jian

Shops:
D:5 !

Annotations:
D:3 2 transporters, swinepaste's ghost, amateur KoEn
D:4 2 transporters, HuGe's ghost, amateur HOBe


Innate Abilities, Weirdness & Mutations

You are immune to sickness and miasma.
Your stone body is resilient. (AC +4)
You are immune to poison.
You resist negative energy. (rN+)
You are resistant to electric shocks. (rElec)
You are resistant to unholy torment.
You are immune to petrification.


Message History

The howler monkey is severely wounded.
The howler monkey barely misses you.
You hit the howler monkey.
The howler monkey is severely wounded.
The howler monkey hoots and howls with incredible vigour!
The howler monkey hits you but does no damage.
You hear a shout! x5
You slash the howler monkey!
You kill the howler monkey!
Your Shields skill increases to level 4!
You hit the acid dragon but do no damage.
You hear the brisk hiss of an avalanche of sand nearby.
The acid dragon spits acid at you. The splash of acid hits you!
The acid corrodes you!
You barely miss the acid dragon. The acid dragon bites you!
You block the acid dragon's attack.
You are too injured to fight recklessly!
You are too injured to fight recklessly!
You are too injured to fight recklessly!
You are too injured to fight recklessly!
You are too injured to fight recklessly!
You are too injured to fight recklessly!
You are too injured to fight recklessly!
You are too injured to fight recklessly!
You slash the acid dragon!
The acid dragon is moderately wounded.
The acid dragon bites you!
* * * LOW HITPOINT WARNING * * *
The acid dragon closely misses you.
The acid dragon bites you but does no damage.
The acid dragon claws you but does no damage.
You hit the acid dragon.
The acid dragon is heavily wounded.
The acid dragon bites you!
* * * LOW HITPOINT WARNING * * *
The acid dragon barely misses you.
You slash the acid dragon!
The acid dragon is severely wounded.
The acid dragon bites you!
You die...

##..# #...# ##...# #####
#...## #...# ##
######...# ##.<.## ..###
#....#...###.....##.....
.....#....##..∩........
...................###
.###<..##.....>.@D.#
.###....#.......##..#
..#..#..#........# ....
..#................ ....
....###............. ...
..### #............. ..
.## #.#########... . .##
.. ..#


You could see an acid dragon.

Vanquished Creatures
  Sigmund (D:2)
  A necrophage (D:4)
  A howler monkey (D:5)
  A jelly (D:4)
  An iguana (D:4)
  Natasha (thrice) (D:2)
  8 gnolls
  4 adders
  A white imp (D:5)
  An ufetubus (D:4)
  A worm (D:2)
  3 dart slugs
  7 orcs
  5 ball pythons
  6 bats
  8 endoplasms
  3 giant cockroaches
  6 goblins
  11 hobgoblins
  8 jackals
  3 quokkas
  3 frilled lizards
  9 kobolds
  4 rats
99 creatures vanquished.

Vanquished Creatures (others)
  13 plants
13 creatures vanquished.

Grand Total: 112 creatures vanquished

Notes
Turn   | Place    | Note
-------+----------+-------------------------------------------
     0 | D:1      | bande the Gargoyle Fighter began the quest for the Orb.
     0 | D:1      | Reached XP level 1. HP: 14/14 MP: 1/1
   350 | D:1      | Reached XP level 2. HP: 16/19 MP: 2/2
   574 | D:1      | Reached XP level 3. HP: 10/23 MP: 3/3
  1558 | D:2      | Reached XP level 4. HP: 29/29 MP: 4/4
  1611 | D:2      | Noticed Sigmund
  2145 | D:2      | Killed Sigmund
  2146 | D:2      | Reached XP level 5. HP: 5/34 MP: 5/5
  2146 | D:2      | Reached XP level 6. HP: 6/39 MP: 6/6
  2443 | D:2      | Noticed Natasha
  2452 | D:2      | Killed Natasha
  2722 | D:2      | Noticed Natasha
  2730 | D:2      | Killed Natasha
  2842 | D:2      | Noticed Natasha
  2848 | D:2      | Killed Natasha
  2978 | D:3      | Found an ornate altar of the Wu Jian Council.
  3615 | D:3      | Noticed swinepaste's ghost (amateur KoEn)
  3616 | D:3      | Found a transporter.
  3646 | D:3      | Found a transporter.
  3971 | D:4      | Reached XP level 7. HP: 43/44 MP: 7/7
  4383 | D:4      | Noticed HuGe's ghost (amateur HOBe)
  4384 | D:4      | Found a transporter.
  4392 | D:4      | Found a transporter.
  4469 | D:4      | Reached skill level 5 in Axes
  4569 | D:4      | Reached skill level 5 in Armour
  4988 | D:4      | Reached skill level 1 in Evocations
  5033 | D:5      | Entered Level 5 of the Dungeon
  5268 | D:5      | Found Obosisyduq's Distillery.
  5273 | D:5      | Bought a potion of degeneration for 11 gold pieces
  5283 | D:5      | HP: 2/44 [acid dragon (11)]
  5284 | D:5      | Mangled by an acid dragon

Illustrated notes

Levels and vault maps discovered:
D:1:      minmay_arrival_shattered_statue, layout_basic, serial_forest,
          infiniplex_forest_diagonal, infiniplex_forest_lined_room_2,
          infiniplex_forest_lined_3, infiniplex_forest_lined_1,
          infiniplex_forest_lined_3, infiniplex_forest_corner_1,
          infiniplex_forest_3_way, infiniplex_forest_clump_small
D:2:      layout_rooms, serial_forest, infiniplex_forest_clump_small,
          infiniplex_forest_clump_medium, infiniplex_forest_fountain,
          infiniplex_forest_clump_medium, infiniplex_forest_clump_small,
          infiniplex_forest_3_way, infiniplex_forest_straight_5,
          amcnicky_mini_corridor_feature, uniq_natasha, uniq_sigmund
D:3:      layout_basic, mainiacjoe_overflow_concentric_impassable,
          gammafunk_ghost_stat_death
D:4:      layout_basic, gammafunk_ghost_smash, minmay_distorted
D:5:      layout_cave_pools, mainiacjoe_overflow_cross_hatched,
          nicolae_sif_muna_condensation, enter_ossuary_3,
          minmay_misc_feat_ornament, nicolae_stop_n_shop_2, grunt_ministairs_6,
          hangedman_minor_gate_pass, uniq_blork_the_orc, uniq_duvessa,
          uniq_edmund

Skill      XL: |  1  2  3  4  5  6  7 |
---------------+----------------------+-----
Axes           | 2 4 5 |  5.4
Fighting       | 4 |  4.9
Armour         | 4 5 |  5.0
Evocations     | 1 |  1.1
Shields        | 4 |  4.0
Stealth        | |  0.2

Action                   |  1- 3 |  4- 6 |  7- 9 || total
-------------------------+-------+-------+-------++-------
Melee: War axe           |    98 |   189 |    80 ||   367
  Use: Potion            |       |     1 |       ||     1
       Scroll            |       |     7 |     3 ||    10
Armor: Scale mail        |    63 |    34 |       ||    97
       Chain mail        |       |   150 |    50 ||   200
Dodge: Dodged            |    52 |    81 |    19 ||   152
Block: Buckler           |    19 |    49 |    13 ||    81

Table legend: (Time is in decaauts)
 A = Elapsed time spent in this place.
 B = Non-inter-level travel time spent in this place.
 C = Inter-level travel time spent in this place.
 D = Time resting spent in this place.
 E = Time spent auto-exploring this place.
 F = Levels seen in this place.
 G = Mean time per level.
                   A        B        C        D        E       F      G
               +--------+--------+--------+--------+--------+-----+--------+
         Total |   5417 |   5417 |      0 |   1296 |   3002 |   5 | 1083.4 |
       Dungeon |   5417 |   5417 |      0 |   1296 |   3002 |   5 | 1083.4 |
               +--------+--------+--------+--------+--------+-----+--------+

Top non-repeatable levels by time:
     D:1: 2166 daAuts
     D:2: 1187 daAuts
     D:4: 1095 daAuts
     D:3: 711 daAuts
     D:5: 257 daAuts
